 Dungeon Crawl Stone Soup version 0.28-a0-1117-g0bdd5ba030 (webtiles) character file.

Game seed: 2920666140654582244

59 SensoryNuts the Cutter (level 3, -4/49 HPs)
             Began as a Draconian Monk on Dec 11, 2021.
             Was a Priest of Nemelex Xobeh.
             Slain by a sun demon (12 damage)
             ... summoned by the player character
             ... on level 2 of the Dungeon.
             The game lasted 00:03:12 (2775 turns).

SensoryNuts the Cutter (Draconian Monk)             Turns: 2775, Time: 00:03:14

Health: -4/49      AC:  5    Str: 15    XL:     3   Next: 78%
Magic:  3/3        EV: 13    Int: 10    God:    Nemelex Xobeh [***...]
Gold:   64         SH:  0    Dex: 13    Spells: 2/2 levels left

rFire   . . .      SeeInvis .   a - +0 short sword
rCold   . . .      Faith    .   (no shield)
rNeg    . . .      Spirit   .   (armour unavailable)
rPois   .          Reflect  .   (helmet restricted)
rElec   .          Harm     .   (no cloak)
rCorr   .          Rampage  .   (no gloves)
Will    .....                   (no boots)
Stlth   ..........              (no amulet)
HPRegen 0.16/turn               (no ring)
MPRegen 0.08/turn               (no ring)

@: berserking, very quick
A: AC +5, unfitting armour, cold-blooded
a: Renounce Religion, Draw Escape, Draw Destruction, Draw Summoning, Triple Draw


You were on level 2 of the Dungeon.
You worshipped Nemelex Xobeh.
Nemelex Xobeh was most pleased with you.
You visited 1 branch of the dungeon, and saw 2 of its levels.

You collected 64 gold pieces.

Inventory:

Hand Weapons
 a - a +0 short sword (weapon)
Armour
 c - +0 shadow dragon scales
Scrolls
 b - 2 scrolls of vulnerability {unknown}
 d - a scroll of fog {unknown}
 f - a scroll of teleportation {unknown}
Potions
 e - a potion of resistance {unknown}


   Skills:
 + Level 3.7 Fighting
 + Level 3.8 Short Blades
 + Level 3.1 Dodging
 + Level 2.3 Stealth


You had 2 spell levels left.
You didn't know any spells.
Your spell library was empty.

Dungeon Overview and Level Annotations

Branches:
Dungeon (2/15)

Altars:
Nemelex Xobeh


Innate Abilities, Weirdness & Mutations

Your plain brown scales are hard. (AC +5)
You cannot fit into any form of body armour.
You are cold-blooded and may be slowed by cold attacks.


Message History

There is an open door, spattered with blood here.
There is an open door here.
There is an escape hatch in the ceiling here.
Could not explore, unopened runed door.
Could not explore, unopened runed door.
Could not explore, unopened runed door.
Could not explore, unopened runed door.
No reachable target in view!
You draw a card...
You have drawn the Pentagram.
You draw a card...
You have drawn the Swarm.
The sun demon barely misses your rakshasa.
Your rakshasa hits the sun demon with a +0 trident!!
You open the door. The sun demon hits your rakshasa.
Your rakshasa is engulfed in flames!
Your rakshasa barely misses the sun demon.
You barely miss Crazy Yiuf. Crazy Yiuf misses you.
The sun demon hits your rakshasa!
Your rakshasa is engulfed in flames!
You closely miss Crazy Yiuf.
Your rakshasa barely misses the sun demon.
The sun demon hits your rakshasa!!
Your rakshasa is engulfed in flames!
Your rakshasa dies!
Your rakshasa disappears in a puff of smoke!
Crazy Yiuf hits you with a +3 quarterstaff of chaos!
A red film seems to cover your vision as you go berserk!
You feel yourself moving faster!
You feel mighty!
Okay, then.
Unknown command.
You puncture Crazy Yiuf!
Crazy Yiuf is severely wounded.
Crazy Yiuf closely misses you.
You hit Crazy Yiuf. You tail-slap Crazy Yiuf.
Crazy Yiuf is severely wounded.
The sun demon barely misses you.
You puncture Crazy Yiuf!
You kill Crazy Yiuf!
The sun demon hits you!!
* * * LOW HITPOINT WARNING * * *
You are engulfed in flames!
You die...
Your body disappears without a glow.

#.##.##
##.........#....#.#.#
#.####
###########...##>#.#
#...# #........#
###.# #####
###.##.### #.# #..)#
#......# #.# ####
#...# ###.#### #.#
#..# ... #.# #.# #.##
#)# #.# #.# #.# ♣♣@♣
#.# #.# #.# ♣3♣♣
###.# #.####.# ♣♣.♣
#...# #......# ♣.♣♣
##### ######## ♣♣.♣♣
♣...♣♣ ♣....♣ #....#
#....#


You could see a sun demon (summoned).

Vanquished Creatures
  Crazy Yiuf (D:2)
  2 adders (D:2)
  A dart slug (D:1)
  3 ball pythons
  3 endoplasms
  2 giant cockroaches (D:2)
  3 hobgoblins
  3 jackals (D:2)
  2 kobolds
  2 quokkas
  6 bats
  6 frilled lizards
  6 rats
40 creatures vanquished.

Notes
Turn   | Place    | Note
-------+----------+-------------------------------------------
     0 | D:1      | SensoryNuts the Draconian Monk began the quest for the Orb.
     0 | D:1      | Reached XP level 1. HP: 19/19 MP: 1/1
   508 | D:1      | Reached XP level 2. HP: 23/26 MP: 2/2
   663 | D:1      | Found a faded altar of an unknown god.
   683 | D:1      | Prayed at the altar of an unknown god.
   683 | D:1      | Became a worshipper of Nemelex Xobeh the Trickster
   683 | D:1      | Reached * piety under Nemelex Xobeh
   683 | D:1      | Received a gift from Nemelex Xobeh
   683 | D:1      | Received a gift from Nemelex Xobeh
   683 | D:1      | Reached ** piety under Nemelex Xobeh
   683 | D:1      | Received a gift from Nemelex Xobeh
   683 | D:1      | Received a gift from Nemelex Xobeh
  1201 | D:2      | Reached *** piety under Nemelex Xobeh
  1201 | D:2      | Received a gift from Nemelex Xobeh
  1308 | D:2      | Found a runed translucent door.
  1309 | D:2      | Noticed Crazy Yiuf
  1406 | D:2      | Reached XP level 3. HP: 15/33 MP: 3/3
  1853 | D:2      | Noticed a scorpion
  1875 | D:2      | Noticed a centaur
  1875 | D:2      | a scorpion changed into a centaur
  1876 | D:2      | a centaur changed into an adder
  2768 | D:2      | Noticed a sun demon
  2775 | D:2      | Killed Crazy Yiuf
  2775 | D:2      | Slain by a sun demon

Illustrated notes

Levels and vault maps discovered:
D:1:      evilmike_arrival_hilbert_curve, layout_basic,
          shapermc_ecumenical_altar_pompeii
D:2:      layout_loops_corners, uniq_crazy_yiuf_cottage

Skill      XL: |  1  2 |
---------------+-------+-----
Stealth        | 2 |  2.3
Dodging        | 3 |  3.1
Fighting       | |  3.7
Short Blades   | |  3.8

Action                   || total
-------------------------++-------
Melee: Short sword       ||   131
       Tailslap          ||    17
Invok: Draw Destruction  ||     5
       Draw Summoning    ||     2
 Stab: Sleeping          ||     7
       Distracted        ||     1
Armor: Skin              ||    40
Dodge: Dodged            ||    80

Table legend: (Time is in decaauts)
 A = Elapsed time spent in this place.
 B = Non-inter-level travel time spent in this place.
 C = Inter-level travel time spent in this place.
 D = Time resting spent in this place.
 E = Time spent auto-exploring this place.
 F = Levels seen in this place.
 G = Mean time per level.
                   A        B        C        D        E       F      G
               +--------+--------+--------+--------+--------+-----+--------+
         Total |   2767 |   2767 |      0 |      0 |   2397 |   2 | 1383.5 |
       Dungeon |   2767 |   2767 |      0 |      0 |   2397 |   2 | 1383.5 |
               +--------+--------+--------+--------+--------+-----+--------+

Top non-repeatable levels by time:
     D:2: 1602 daAuts
     D:1: 1164 daAuts
